 Dungeon Crawl Stone Soup version 0.30.0-3-ga4e48a9924 (webtiles) character file.

Game seed: 9943366893669879607

16511 Sabo the Cleaver (level 12, -28/65 HPs)
             Began as a Vine Stalker Fighter on May 7, 2023.
             Was a Believer of Ashenzari.
             Annihilated by a reaper
             ... wielding a +1 scythe of freezing
              (31 damage)
             ... in an ice cave.
             The game lasted 01:08:20 (10345 turns).

Sabo the Cleaver (Vine Stalker Fighter)            Turns: 10345, Time: 01:08:21

Health: -28/65     AC: 16    Str: 22    XL:     12   Next: 38%
Magic:  0/13       EV: 17    Int:  8    God:    Ashenzari [**....]
Gold:   2079       SH:  7    Dex: 16    Spells: 11/11 levels left

rFire   x . .        J - +5 war axe (freeze)
rCold   + + .        N - +1 buckler {rC+}
rNeg    . . .        z - +2 scale mail {Will+}
rPois   .            t - +2 helmet of Ashenzari's Dismay {Evo, Range} (curse)
rElec   .            B - +0 cloak
rCorr   .            u - +0 pair of gloves
SInv    +            r - +0 pair of boots
Will    ++...        w - amulet of Ashenzari's Scepticism {Regen+, Bglg, Alch} (curse)
Stlth   +            p - ring of Supernal Wisdom {EV+5, Self, Elem} (curse)
HPRegen 1.90/turn    E - ring of ice
MPRegen 0.13/turn

%: guardian spirit
@: no status effects
A: fangs 3, regeneration 1, magic shield, antimagic bite, no potion heal 2
a: Renounce Religion, Curse Item, Shatter the Chains


You were in an ice cave.
You worshipped Ashenzari.
Ashenzari was pleased with you.
You visited 2 branches of the dungeon, and saw 12 of its levels.
You also visited: Ice Cave.

You collected 2079 gold pieces.

Inventory:

Hand Weapons
 d - a +4 flail of holy wrath
 j - a +0 shortbow
 I - a +5 scimitar
 J - a +5 war axe of freezing (weapon)
 K - a +4 long sword of freezing
Missiles
 x - a throwing net
 D - 2 atropa-tipped darts (quivered)
 G - 5 datura-tipped darts
 H - 32 poisoned darts
Armour
 r - a +0 pair of boots (worn)
 t - the cursed +2 helmet of Ashenzari's Dismay (worn) {Evo, Range}
   (You took it off Robin on level 3 of the Dungeon)

   It has a curse which improves the following skills: Evocations: Evocations.
   Ranged Combat: Ranged Weapons and Throwing.
 u - a +0 pair of gloves (worn)
 z - a +2 scale mail of willpower (worn)
 A - a +0 tower shield
 B - a +0 cloak (worn)
 L - a +0 plate armour of cold resistance
 N - a +1 buckler of cold resistance (worn)
Jewellery
 i - a ring of magical power
 m - a +4 ring of protection
 p - the cursed ring of Supernal Wisdom (left hand) {EV+5, Self, Elem}
   (You found it on level 2 of the Dungeon)

   [ring of evasion]

   EV:        It affects your evasion (+5).
   It has a curse which improves the following skills: Introspection: Fighting
   and Spellcasting.
   Elements:  Fire Magic, Ice Magic, Air Magic and Earth Magic.
 w - the cursed amulet of Ashenzari's Scepticism (around neck) {Regen+, Bglg, Alch}
   (You found it on level 9 of the Dungeon)

   [amulet of regeneration]

   Regen:     It increases your rate of health regeneration.
   It has a curse which improves the following skills: Beguiling: Conjurations,
   Hexes and Translocations.
   Alchemy:   Poison Magic and Transmutations.
 C - a ring of fire
 E - a ring of ice (right hand)
Wands
 a - a wand of digging (2)
 b - a wand of charming (7)
 c - a wand of polymorph (3)
 F - a wand of flame (27)
Scrolls
 e - 2 scrolls of fog
 h - 7 scrolls of teleportation
 k - 4 scrolls of blinking
 o - 3 scrolls of fear
 v - 2 scrolls of poison
 y - 2 scrolls of magic mapping
Potions
 f - 5 potions of curing
 g - a potion of magic
 l - 3 potions of flight
 n - 3 potions of invisibility
 q - 2 potions of haste
 s - a potion of berserk rage


   Skills:
 + Level 7.7(8.9) Fighting
 + Level 13.1 Axes
 + Level 6.1 Armour
 + Level 4.9 Dodging
 + Level 3.6 Stealth
 + Level 6.7 Shields
 + Level 1.0(1.7) Evocations


You had 11 spell levels left.
You didn't know any spells.
Your spell library contained the following spells:

 Spells                   Type           Power      Damage    Failure   Level
 Kiss of Death            Conj/Necr      0%         2d5       77%         1
 Necrotise                Necr           0%         1d4       77%         1
 Confusing Touch          Hex            0%         N/A       98%         3
 Tukima's Dance           Hex            0%         N/A       98%         3
 Vampiric Draining        Necr           0%         2d6       98%         3
 Vhi's Electric Charge    Tloc/Air       0%         N/A       98%         3
 Dispel Undead            Necr           0%         3d6       100%        4
 Passage of Golubria      Tloc           0%         N/A       100%        4
 Agony                    Necr           0%         N/A       100%        5
 Arcjolt                  Conj/Air       0%         1d10      100%        5
 Blade Hands              Tmut           0%         N/A       100%        5
 Yara's Violent Unravell  Hex/Tmut       0%         3d3       100%        5
 Conjure Ball Lightning   Conj/Air       0%         3x3d6     100%        6
 Dragon Form              Tmut           0%         N/A       100%        7
 Maxwell's Capacitive Co  Air            0%         ∞         100%        8


Dungeon Overview and Level Annotations

Branches:
Dungeon (11/15)            Temple (1/1) D:5            Lair (0/5) D:8
    Orc (0/2) D:11          IceCv (1/1)

Altars:
Ashenzari
Cheibriados
Dithmenos
Elyvilon
Fedhas
Gozag
Hepliaklqana
Kikubaaqudgha
Makhleb
Nemelex Xobeh
Okawaru
Qazlal
Ru
Sif Muna
Trog
Uskayaw
Vehumet
Wu Jian
Xom
Yredelemnul
Zin
The Shining One

Shops:
D:5 (   D:10 *


Innate Abilities, Weirdness & Mutations

You have razor-sharp teeth.
Your natural rate of healing is unusually fast.
When hurt, damage is shared between your health and your magic reserves.
Your bite disrupts and absorbs the magic of your enemies.
Potions cannot restore your health.


Message History

You hit the harpy simulacrum.
The harpy simulacrum claws you but does no damage.
You block the harpy simulacrum's attack.
The reaper hits you from afar with a +1 scythe of freezing!!
The reaper freezes you.
The harpy simulacrum claws you but does no damage.
The harpy simulacrum barely misses you.
You barely miss the harpy simulacrum.
The harpy simulacrum is lightly damaged.
The harpy simulacrum claws you but does no damage.
You block the harpy simulacrum's attack.
The reaper hits you from afar with a +1 scythe of freezing!
The reaper freezes you.
The harpy simulacrum closely misses you.
The harpy simulacrum claws you but does no damage.
You slash the harpy simulacrum!
The harpy simulacrum is heavily damaged.
The harpy simulacrum claws you.
* * * LOW HITPOINT WARNING * * *
The harpy simulacrum freezes you. You resist.
* * * LOW HITPOINT WARNING * * *
The harpy simulacrum claws you but does no damage.
The reaper hits you from afar with a +1 scythe of freezing!
* * * LOW HITPOINT WARNING * * *
You block the harpy simulacrum's attack.
The harpy simulacrum closely misses you.
You hit the harpy simulacrum. You bite the harpy simulacrum.
You drain its power.
You feel invigorated.
The harpy simulacrum is almost destroyed.
The harpy simulacrum claws you.
* * * LOW HITPOINT WARNING * * *
The harpy simulacrum freezes you. You resist.
The harpy simulacrum claws you but does no damage.
You block the reaper's attack.
You block the harpy simulacrum's attack.
The harpy simulacrum claws you but does no damage.
You slash the harpy simulacrum!
The harpy simulacrum vaporises!
The reaper hits you from afar with a +1 scythe of freezing!!
You die...

#= , *, #####?) ,### ≈#≈#.# ....
≈≈≈≈.##*, *, .... ### * ≈≈≈≈≈≈#
..... * ..#####≈≈≈≈≈## #ZZ...
#...##.≈≈≈≈≈≈# #24Z.#*
###....#≈≈≈≈## ##☼.Z# #..### .###
##@.# * ###.### # #..##
######..##≈≈≈###..###
..##...##≈≈≈≈≈≈##...### ###
..###..#≈≈≈≈≈≈≈≈###...#####.###
.##..###≈≈≈≈≈≈≈≈≈#.#.#..##.#..###
####..##≈≈≈≈≈≈≈####.####..####..#
###..##≈≈≈≈≈≈≈##..####### #..##
#...####~~≈≈≈≈≈###....### ##...


You could see a reaper, an ice devil, 2 elephant simulacra, a spriggan
simulacrum and a troll simulacrum.

Vanquished Creatures
  Gastronok (D:10)
  Snorg (D:10)
  Josephine (D:11)
  Harold (D:9)
  The ghost of Jackthecabe the Cleaver, a novice HOGl of Beogh (D:7)
  A two-headed ogre (D:11)
  Lodul (D:11)
  An ugly thing (D:11)
  An ice statue (IceCv)
  2 rime drakes (D:11)
  A troll (D:5)
  A hornet (D:7)
  3 wyverns
  2 dire elephant simulacra (IceCv)
  5 wraiths
  7 yaks
  Grum (D:9)
  4 steam dragons
  2 wargs (D:8)
  3 death yak simulacra (IceCv)
  Edmund (D:5)
  2 harpy simulacra (IceCv)
  A hydra simulacrum (IceCv)
  A water moccasin (D:7)
  7 orc warriors
  2 sky beasts
  A black bear (D:5)
  An ice beast (D:7)
  4 centaurs
  8 ogres
  4 wolves (D:9)
  A phantom (D:4)
  5 bullfrogs
  2 kobold brigands (D:10)
  2 gnoll sergeants (D:7)
  11 two-headed ogre simulacra (IceCv)
  4 scorpions
  3 cane toad simulacra (IceCv)
  8 wights
  An elephant simulacrum (IceCv)
  A killer bee (D:10)
  8 howler monkeys
  3 hounds
  A jelly (D:6)
  5 orc priests
  A gnoll bouda (D:7)
  3 iguanas (D:6)
  3 sleepcaps
  9 orc wizards
  A troll simulacrum (IceCv)
  2 polar bear simulacra (IceCv)
  6 spriggan simulacra (IceCv)
  2 wolf simulacra (IceCv)
  Robin (D:3)
  6 adders
  3 gnolls (D:7)
  5 naga simulacra (IceCv)
  8 white imps
  6 ufetubi
  3 dart slugs
  28 orcs
  5 bats
  12 endoplasms
  2 giant cockroaches
  12 goblins
  13 hobgoblins
  8 jackals
  14 kobolds
  A quokka (D:4)
  4 ball pythons
  6 rats
291 creatures vanquished.

Vanquished Creatures (others)
  3 killer bees (D:10)
  A plant (D:5)
4 creatures vanquished.

Grand Total: 295 creatures vanquished

Notes
Turn   | Place    | Note
-------+----------+-------------------------------------------
     0 | D:1      | Sabo the Vine Stalker Fighter began the quest for the Orb.
     0 | D:1      | Reached XP level 1. HP: 11/11 MP: 2/2
   168 | D:1      | Reached XP level 2. HP: 16/16 MP: 3/3
   215 | D:1      | Reached skill level 2 in Axes
   658 | D:1      | Reached XP level 3. HP: 18/20 MP: 4/4
   716 | D:2      | Found a faded altar of an unknown god.
  1844 | D:3      | Noticed Robin
  1857 | D:3      | Killed Robin
  1858 | D:3      | Gained mutation: Your natural rate of healing is unusually
                  | fast. [Vine Stalker growth]
  1858 | D:3      | Reached XP level 4. HP: 6/24 MP: 2/5
  2847 | D:4      | Noticed a phantom
  2861 | D:4      | Killed a phantom
  2862 | D:4      | Reached skill level 3 in Axes
  2862 | D:4      | Reached XP level 5. HP: 28/28 MP: 4/6
  3187 | D:4      | Noticed a wyvern
  3197 | D:4      | Reached skill level 4 in Axes
  3197 | D:4      | Reached XP level 6. HP: 12/32 MP: 2/7
  3200 | D:4      | Killed a wyvern
  3205 | D:4      | Reached skill level 5 in Axes
  3449 | D:4      | Reached skill level 1 in Dodging
  3449 | D:4      | Reached XP level 7. HP: 36/36 MP: 8/8
  3638 | D:4      | Identified a scroll of acquirement
  3639 | D:4      | Acquired 1017 gold pieces
  3663 | D:5      | Entered Level 5 of the Dungeon
  3670 | D:5      | Found Zinanuv's Hydra Hut.
  3674 | D:5      | Noticed an eight-headed hydra
  3699 | D:5      | Found a staircase to the Ecumenical Temple.
  3770 | D:5      | Noticed Edmund
  3773 | Temple   | Entered the Ecumenical Temple
  3863 | Temple   | Became a worshipper of Ashenzari the Shackled
  3879 | D:5      | Killed Edmund
  4041 | D:5      | Found a shimmering blue altar of Sif Muna.
  4047 | D:5      | Found a glowing silver altar of Zin.
  4051 | D:5      | Found a blossoming altar of Fedhas.
  4052 | D:5      | Found a white marble altar of Elyvilon.
  4059 | D:5      | Found a stormy altar of Qazlal.
  4069 | D:5      | Reached skill level 6 in Axes
  4082 | D:5      | Noticed a troll
  4099 | D:5      | Killed a troll
  4100 | D:5      | Gained mutation: You have razor-sharp teeth. [Vine Stalker
                  | growth]
  4100 | D:5      | Reached XP level 8. HP: 10/42 MP: 2/9
  4627 | D:5      | Found a shadowy altar of Dithmenos.
  4860 | D:6      | Reached skill level 7 in Axes
  5375 | D:7      | Found a glowing golden altar of the Shining One.
  5404 | D:7      | Reached * piety under Ashenzari
  5590 | D:7      | Reached XP level 9. HP: 33/45 MP: 7/10
  5658 | D:7      | Reached skill level 5 in Fighting
  5737 | D:7      | Reached skill level 1 in Stealth
  5746 | D:7      | Reached skill level 5 in Armour
  5918 | D:7      | Reached skill level 8 in Axes
  5952 | D:7      | Found a runed translucent door.
  5959 | D:7      | Noticed Jackthecabe's ghost (novice HOGl)
  5991 | D:7      | Killed Jackthecabe's ghost
  6208 | D:7      | Noticed a hornet
  6218 | D:7      | Reached skill level 9 in Axes
  6218 | D:7      | Reached XP level 10. HP: 49/53 MP: 11/11
  6684 | D:8      | Found a staircase to the Lair.
  6698 | D:8      | Reached skill level 5 in Shields
  6947 | D:8      | Found a snail-covered altar of Cheibriados.
  7034 | D:8      | Found a burning altar of Makhleb.
  7131 | D:8      | Found a hide-covered altar of Uskayaw.
  7142 | D:8      | Found a radiant altar of Vehumet.
  7142 | D:8      | Found a bloodstained altar of Trog.
  7147 | D:8      | Found a shimmering altar of Xom.
  7364 | D:9      | Reached skill level 10 in Axes
  7425 | D:9      | Reached ** piety under Ashenzari
  7961 | D:9      | Noticed Harold
  7965 | D:9      | Noticed Grum
  7978 | D:9      | Killed Harold
  7979 | D:9      | Reached XP level 11. HP: 18/60 MP: 6/12
  7979 | D:9      | Killed Grum
  8137 | D:10     | Entered Level 10 of the Dungeon
  8337 | D:10     | Reached skill level 11 in Axes
  8515 | D:10     | Found Fekeuc Jewk's Assorted Antiques.
  8540 | D:10     | Noticed Snorg
  8549 | D:10     | Killed Snorg
  8602 | D:10     | Noticed Gastronok
  8604 | D:10     | Identified the Folio of Bolts and Transmogrification
  8615 | D:10     | Killed Gastronok
  9372 | D:11     | Found a staircase to the Orcish Mines.
  9375 | D:11     | Noticed a two-headed ogre
  9377 | D:11     | Noticed a brown ugly thing
  9387 | D:11     | Killed a two-headed ogre
  9387 | D:11     | Killed a brown ugly thing
  9393 | D:11     | Reached skill level 12 in Axes
  9698 | D:11     | Noticed Josephine
  9711 | D:11     | Killed Josephine
  9779 | D:11     | Noticed Lodul
  9791 | D:11     | Reached XP level 12. HP: 65/65 MP: 13/13
  9794 | D:11     | Killed Lodul
  9813 | D:11     | Found a frozen archway.
  9821 | IceCv    | Entered an ice cave
 10045 | IceCv    | Reached skill level 1 in Evocations
 10284 | IceCv    | Reached skill level 13 in Axes
 10334 | IceCv    | Noticed a reaper
 10343 | IceCv    | HP: 1/65 [reaper/+1 scythe of freezing (14)]
 10345 | IceCv    | Annihilated by a reaper

Illustrated notes

Levels and vault maps discovered:
D:1:      dpeg_arrival_rooms_b, layout_basic, minmay_pentomino_p4
D:2:      layout_loops_corners, shapermc_ecumenical_altar_notcrosses
D:3:      layout_basic, lightli_corner_chamber, uniq_robin
D:4:      layout_basic, minmay_divided_ellipse
D:5:      layout_loops_ring, nicolae_overflow_hallway_of_the_gods,
          mainiacjoe_overflow_alcove_2, minmay_temple_entry_waves,
          doesnt_shop_hydraphobe, uniq_edmund
D:6:      layout_rooms
D:7:      minmay_s_stair_smasher, layout_basic, nicolae_overflow_crystal_walls,
          hellmonk_ghost_happy_afterlife
D:8:      layout_basic, lemuel_tele_altar, minitemple, kennysheep_slug_shrine,
          erik_lair_orcish_takeover
D:9:      layout_long_grid, uniq_grum, uniq_harold
D:10:     layout_gridville, serial_shops, nicolae_take_the_stairs,
          lemuel_flamethrower_2, uniq_gastronok, uniq_snorg
D:11:     layout_gridville, david_orc_2, portal_ice_cave_rime, uniq_josephine,
          uniq_lodul
Temple:   nicolae_temple_ecumenical_triangle
IceCv:    ice_cave_caverns_02

Skill      XL: |  1  2  3  4  5  6  7  8  9 10 11 12 |
---------------+-------------------------------------+-----
Axes           | 2 3 4 5 6 7 9 10 12 13 | 13.1
Fighting       | 3 4 5 6 7 |  7.7
Armour         | 3 4 5 6 |  6.1
Shields        | 3 4 5 6 |  6.7
Dodging        | 1 2 3 4 |  4.9
Stealth        | 1 3 |  3.6
Evocations     | 1 |  1.0

Action                     |  1- 3 |  4- 6 |  7- 9 | 10-12 || total
---------------------------+-------+-------+-------+-------++-------
  Melee: War axe           |    95 |    91 |   199 |   399 ||   784
         Bite              |    19 |    23 |    61 |   139 ||   242
 Invoke: Curse Item        |       |       |     2 |     1 ||     3
  Evoke: Wand              |       |       |       |    10 ||    10
    Use: Scroll            |     1 |       |    12 |       ||    13
         Potion            |       |       |     2 |       ||     2
   Stab: Sleeping          |       |       |       |     2 ||     2
 Armour: Scale mail        |    43 |    34 |    60 |    78 ||   215
         Chain mail        |       |       |    20 |       ||    20
         Steam dragon scal |       |       |     9 |    48 ||    57
  Dodge: Dodged            |    63 |    70 |   195 |   295 ||   623
  Block: Buckler           |    26 |    27 |    60 |    79 ||   192
         Tower shield      |       |       |       |   119 ||   119
